Cogmind - Beta 16 @@@ ROGUE MODE // 2025.12.07 @ 18:00:50 Player: erkyp3rky Result: Self-destructed Performance ------------- Evolutions (2) 1000 Regions Visited (5) 1000 Robots Destroyed (16) 80 Value Destroyed (437) 437 Prototype IDs (3) 60 Alien Tech Used (0) 0 Bonus (321) 321 TOTAL SCORE: 2898 Bonus ------- Follower Combat Kills 21 Aligned with FarCom 300 Cogmind --------- Core Integrity 537/550 Matter 114/300 Energy 125/125 System Corruption 0% Temperature Cool (0) Movement Treading (160) Location -8/Materials Parts ------- > --- POWER (1) -------- Light Ion Engine > --- PROPULSION (4) --- Light Treads Light Treads Light Treads Light Treads > --- UTILITY (4) ------ Large Storage Unit Improved Terrain Scanner Modified TNC Light Armor Plating > --- WEAPON (2) ------- Heavy Assault Rifle Improved Grenade Launcher > --- INVENTORY (15) --- Medium Matter Pod (27) Assault Rifle Peak State ------------ > --- POWER ------------ Light Ion Engine > --- PROPULSION ------- Light Treads Light Treads Light Treads Light Treads > --- UTILITY ---------- Large Storage Unit Improved Terrain Scanner Modified TNC Light Armor Plating > --- WEAPON ----------- Heavy Assault Rifle Improved Grenade Launcher > --- INVENTORY -------- Medium Matter Pod Assault Rifle [Rating: 21] Favorites ----------- Power Light Ion Engine Engine Light Ion Engine Propulsion Light Treads Treads Light Treads Utility Small Storage Unit Device Seismic Detector Storage Small Storage Unit Processor Modified TNC Protection Light Armor Plating Weapon Assault Rifle Energy Cannon Guided Plasma Cannon Ballistic Gun Assault Rifle Launcher Improved Grenade Launcher Special Weapon Field Lobotomy Kit Build | -11 -10 -10 -10 -9 -8 ------- Run | Yrd Mat Min Exi Min Mat Slots Evolved 4 | . . . . . 4 Power . | . . . . . . Propulsion 2 | . . . . . 2 Utility 2 | . . . . . 2 Weapon . | . . . . . . Parts Attached 21 | 7 3 . 3 . 8 Power 2 | 1 1 . . . . Engine 2 | 1 1 . . . . Core . | . . . . . . Reactor . | . . . . . . Propulsion 4 | 2 . . . . 2 Treads 4 | 2 . . . . 2 Leg . | . . . . . . Wheel . | . . . . . . Hover . | . . . . . . Flight . | . . . . . . Utility 8 | 2 2 . 1 . 3 Device 2 | 1 1 . . . . Storage 4 | 1 1 . . . 2 Processor 1 | . . . 1 . . Hackware . | . . . . . . Protection 1 | . . . . . 1 Artifact . | . . . . . . Weapon 7 | 2 . . 2 . 3 Energy Gun . | . . . . . . Energy Cannon 1 | . . . 1 . . Ballistic Gun 3 | 2 . . . . 1 Ballistic Cannon . | . . . . . . Launcher 2 | . . . . . 2 Special Weapon 1 | . . . 1 . . Impact Weapon . | . . . . . . Slashing Weapon . | . . . . . . Piercing Weapon . | . . . . . . Special Melee Weapon . | . . . . . . Unidentified Prototypes 3 | . . . 3 . . Parts Lost . | . . . . . . Power . | . . . . . . Propulsion . | . . . . . . Utility . | . . . . . . Weapon . | . . . . . . Highest Loss Streak . | . . . . . . To Critical Strikes . | . . . . . . Average Backups 2 | . 1 3 3 3 2 Power . | . . . . . . Propulsion . | . . . . . . Utility 1 | . . 2 2 2 1 Weapon . | . . 1 1 1 1 Tool/Special . | . . . . . . Unused Backups 1 | . . . . . 1 Power . | . . . . . . Propulsion . | . . . . . . Utility 1 | . . . . . 1 Weapon . | . . . . . . Tool/Special . | . . . . . . Average Slot Usage (%) 98 | . 100 100 99 100 92 Engine 12 | . 14 14 14 14 9 Treads 28 | . 28 28 28 28 32 Device 7 | . 14 14 7 . 6 Storage 12 | . 14 14 14 14 9 Processor 7 | . . . 7 14 9 Protection 1 | . . . . . 7 Ballistic Gun 25 | . 28 28 27 28 16 Peak Build Rating 21 | 9 9 7 16 12 21 Average Rating 10 | 5 7 7 9 12 17 On Entrance 7 | . 9 7 7 12 12 Avg Prop Armor Cover (%) . | . . . . . . Naked Turns . | . . . . . . Heaviest Build 36 | 12 12 12 12 11 36 Greatest Support 80 | 40 40 40 40 40 80 Greatest Overweight (x) . | . . . . . . Average Overweight (x) . | . . . . . . Largest Inventory Capacity 20 | 8 20 8 8 8 15 Average Capacity 8 | 7 8 8 8 8 11 Most Carried 3 | . 3 3 3 3 3 Average Carried 2 | . 1 3 3 3 2 Final Capacity 15 | 8 8 8 8 8 15 Final Carried 3 | . 3 3 3 3 2 Class Distribution -------------------- 83% | Mutant 16% | Scavenger-Skirmisher Dominant Class ---------------- Mutant | -10/Materials Mutant | -10/Mines Mutant | -10/Exiles Mutant | -9/Mines Scavenger-Skirmisher | -8/Materials Resources | -11 -10 -10 -10 -9 -8 ----------- Run | Yrd Mat Min Exi Min Mat Matter Collected 529 | 223 55 . 150 43 58 Remotely . | . . . . . . Salvage Created 355 | 62 116 . . . 177 Parts 36 | 8 5 . . . 23 Haulers Intercepted . | . . . . . . Recyclers Shooed 2 | . . . . . 2 Parts Field Recycled . | . . . . . . Retrieved Matter . | . . . . . . Parts Self-Destructed . | . . . . . . Prevented . | . . . . . . Parts Restored . | . . . . . . Kills | -11 -10 -10 -10 -9 -8 ------- Run | Yrd Mat Min Exi Min Mat Combat Hostiles Destroyed 10 | . 2 . . . 8 Guns 3 | . 2 . . . 1 AOE 7 | . . . . . 7 Classes Destroyed 7 | 1 2 . . . 4 Worker 1 | . . . . . 1 Builder 1 | . . . . . 1 Tunneler 3 | 3 . . . . . Watcher 1 | . 1 . . . . Swarmer 3 | . . . . . 3 Grunt 6 | . 2 . . . 4 Sentry 1 | . . . . . 1 Best Kill Streak 6 | 2 2 . . . 6 Combat Bots Only 4 | . 2 . . . 4 Max Kills in Single Turn 2 | 1 1 . . . 2 Gunslinging . | . . . . . . Exploded 2 | . . . . . 2 Melee . | . . . . . . Uniques/NPCs Destroyed . | . . . . . . Combat | -11 -10 -10 -10 -9 -8 -------- Run | Yrd Mat Min Exi Min Mat Hostile Shots Fired 38 | . 19 . . . 19 Missed 8 | . 3 . . . 5 Hits 30 | . 16 . . . 14 Projectile 30 | . 16 . . . 14 Damage Taken 466 | . 214 . . . 252 Core 47 | . 34 . . . 13 Absorbed by Shields . | . . . . . . Core Remaining (%) 93 | 100 . . . 86 . Volleys Fired 36 | 10 11 . . . 15 Largest 2 | 2 2 . . . 2 Hottest 40 | 40 40 . . . 40 Shots Fired 62 | 20 22 . . . 20 Gun 52 | 20 22 . . . 10 Cannon . | . . . . . . Launcher 10 | . . . . . 10 Special . | . . . . . . Kinetic 52 | 20 22 . . . 10 Thermal . | . . . . . . Explosive 10 | . . . . . 10 Electromagnetic . | . . . . . . Robot Hit Streak 10 | 10 9 . . . 10 Robot Miss Streak 1 | 1 1 . . . 1 Penetration Max . | . . . . . . Secondary Targets 1 | . 1 . . . . Max Gunslinging Chain 1 | . 1 . . . . Shots Hit Robots 42 | 16 18 . . . 8 Core Hits 30 | 5 8 . . . 17 Critical Kills . | . . . . . . Critical Parts Destroyed . | . . . . . . Critical Strikes . | . . . . . . Melee Attacks . | . . . . . . Impact . | . . . . . . Slashing . | . . . . . . Piercing . | . . . . . . Sneak Attacks . | . . . . . . Combat Hostiles . | . . . . . . Follow-up Attacks . | . . . . . . Damage Inflicted 1288 | 164 189 . . . 935 Guns 431 | 164 189 . . . 78 Cannons . | . . . . . . Explosions 857 | . . . . . 857 Melee . | . . . . . . Ramming . | . . . . . . Kinetic 431 | 164 189 . . . 78 Thermal 103 | . . . . . 103 Explosive 754 | . . . . . 754 Electromagnetic . | . . . . . . Impact . | . . . . . . Slashing . | . . . . . . Piercing . | . . . . . . Highest Corruption . | . . . . . . Average Corruption . | . . . . . . Corruption Purged . | . . . . . . Corruption Blocked . | . . . . . . Overload Shots . | . . . . . . Overflow Damage 21 | . . . . . 21 Projectiles . | . . . . . . Explosions 21 | . . . . . 21 Melee . | . . . . . . Knockbacks . | . . . . . . Impact . | . . . . . . Kinetic . | . . . . . . Secondary . | . . . . . . Self-Inflicted Damage 71 | . . . . . 71 Shots 1 | . . . . . 1 Rammed . | . . . . . . Targets Rammed . | . . . . . . Kicked . | . . . . . . Crushed . | . . . . . . Highest Temperature 26 | . 26 . . . 4 Average Temperature 11 | . 12 . . . 3 Received Heat Transfer 174 | . 120 . . . 54 Siege Activations . | . . . . . . Martial Activations . | . . . . . . Shielding Activations . | . . . . . . Robots Disrupted . | . . . . . . Combat Hostiles . | . . . . . . Robots Corrupted . | . . . . . . Combat Hostiles . | . . . . . . Parts Fried . | . . . . . . Impact Corruptions . | . . . . . . Robots Melted . | . . . . . . Combat Hostiles . | . . . . . . Parts Melted . | . . . . . . Heat Transferred 100 | . . . . . 100 Parts Sabotaged . | . . . . . . Parts Stolen . | . . . . . . Parts Stripped . | . . . . . . Power Chain Reactions . | . . . . . . Alert | -11 -10 -10 -10 -9 -8 ------- Run | Yrd Mat Min Exi Min Mat Maximum Alert Level 1 | . . . . . 1 Low Security (%) 91 | 100 100 100 . 100 70 Level 1 8 | . . . . . 29 Level 2 . | . . . . . . Level 3 . | . . . . . . Level 4 . | . . . . . . Level 5 . | . . . . . . High Security . | . . . . . . Max Security . | . . . . . . Peak Influence 244 | 5 40 . . . 244 Initial . | . . . . . . Average 47 | 1 8 . . . 158 Influence Increases 486 | 15 57 . . . 414 Destroy 0b10 Robot/C 260 | . 40 . . . 220 Destroy 0b10 Robot/NC 30 | 15 5 . . . 10 Destroy Leader 42 | . 12 . . . 30 Allied During Kill 32 | . . . . . 32 Successful Hack 15 | . . . . . 15 Disable Machine 75 | . . . . . 75 Destroy Structure 32 | . . . . . 32 Influence Decreases 242 | 15 57 . . . 170 Time Decay 202 | 15 57 . . . 130 Lost Ally 40 | . . . . . 40 Squads Dispatched 3 | . 1 . . . 2 Investigation 2 | . 1 . . . 1 Extermination . | . . . . . . Reinforcement 1 | . . . . . 1 Assault . | . . . . . . Garrison . | . . . . . . Intercept . | . . . . . . Searches Triggered . | . . . . . . Construction Impeded 1 | . . . . . 1 Haulers Reinforced . | . . . . . . Active Scanning Responses . | . . . . . . Cargo Convoy Interrupts . | . . . . . . Stealth | -11 -10 -10 -10 -9 -8 --------- Run | Yrd Mat Min Exi Min Mat Distress Signals 2 | . . . . . 2 Communications Jammed . | . . . . . . Distress Signals . | . . . . . . Times Spotted 20 | . 4 . . . 16 Peak Tracking Total 6 | . 2 . . . 6 Tactical Retreats . | . . . . . . Traps | -11 -10 -10 -10 -9 -8 ------- Run | Yrd Mat Min Exi Min Mat Traps Triggered . | . . . . . . Indirectly . | . . . . . . Trap Hack Attempts . | . . . . . . Triggered . | . . . . . . Disarmed . | . . . . . . Reprogrammed . | . . . . . . Reused . | . . . . . . Traps Extracted . | . . . . . . Installed . | . . . . . . Triggered . | . . . . . . Machines | -11 -10 -10 -10 -9 -8 ---------- Run | Yrd Mat Min Exi Min Mat Machines Disabled 5 | . . . . . 5 Max in Single Turn 2 | . . . . . 2 Machines Repaired . | . . . . . . Machines Dismantled . | . . . . . . Machines Sabotaged . | . . . . . . Overloaded Fab Kills . | . . . . . . Hacking | -11 -10 -10 -10 -9 -8 --------- Run | Yrd Mat Min Exi Min Mat Machines Accessed 6 | . 2 . 1 . 3 Terminals 5 | . 2 . . . 3 Fabricators . | . . . . . . Repair Stations . | . . . . . . Recycling Units . | . . . . . . Scanalyzers . | . . . . . . Garrison Access . | . . . . . . Total Hacks 16 | . 4 . 4 . 8 Successful 6 | . . . 4 . 2 Failed 10 | . 4 . . . 6 Catastrophic 5 | . 2 . . . 3 Database Lockouts . | . . . . . . Manual 8 | . 4 . 1 . 3 Terminals 12 | . 4 . . . 8 Fabricators . | . . . . . . Repair Stations . | . . . . . . Recycling Units . | . . . . . . Scanalyzers . | . . . . . . Garrison Access . | . . . . . . Terminal Hacks 6 | . . . 4 . 2 Record 4 | . . . 4 . . Branch Access Points 1 | . . . . . 1 Security Status 1 | . . . . . 1 Fabricator Hacks . | . . . . . . Repair Station Hacks . | . . . . . . Recycling Unit Hacks . | . . . . . . Scanalyzer . | . . . . . . Garrison Access Hacks . | . . . . . . Unauthorized Hacks . | . . . . . . Terminals . | . . . . . . Fabricators . | . . . . . . Repair Stations . | . . . . . . Recycling Units . | . . . . . . Scanalyzers . | . . . . . . Garrison Access . | . . . . . . Data Cores Recovered . | . . . . . . Used . | . . . . . . Hacking Detections 3 | . 2 . . . 1 Full Trace Events 2 | . 1 . . . 1 Feedback Events . | . . . . . . Feedback Blocked . | . . . . . . Robot Schematics Acquired . | . . . . . . Robots Built . | . . . . . . Authchips . | . . . . . . Time . | . . . . . . Total Robot Build Rating . | . . . . . . Part Schematics Acquired . | . . . . . . Parts Built . | . . . . . . Authchips . | . . . . . . Time . | . . . . . . Total Part Build Rating . | . . . . . . Part Studies Acquired . | . . . . . . Parts Repaired . | . . . . . . Time . | . . . . . . Parts Recycled . | . . . . . . Recycled Matter . | . . . . . . Retrieved Matter . | . . . . . . Retrieved Components . | . . . . . . Parts Scanalyzed . | . . . . . . Part Schematics Acquired . | . . . . . . Parts Damaged . | . . . . . . Bothacking | -11 -10 -10 -10 -9 -8 ------------ Run | Yrd Mat Min Exi Min Mat Used RIF Installer . | . . . . . . Robots Hacked . | . . . . . . Non-combat . | . . . . . . Combat . | . . . . . . Robot Hacks Applied . | . . . . . . Relay Couplers Released . | . . . . . . Fabnet Peak Effective % . | . . . . . . Robots Rewired . | . . . . . . Allies Hacked . | . . . . . . Hacks Repelled . | . . . . . . Allies | -11 -10 -10 -10 -9 -8 -------- Run | Yrd Mat Min Exi Min Mat Total Allies 3 | . . . . 3 . Largest Group 3 | . . . . 3 3 Highest-Rated Group 40 | . . . . 40 40 Highest-Rated Ally 16 | . . . . 16 16 Total Orders . | . . . . . . Ally Attacks 16 | . . . . . 16 Total Damage 124 | . . . . . 124 Kills 3 | . . . . . 3 Allies Corrupted . | . . . . . . Allies Melted . | . . . . . . Intel | -11 -10 -10 -10 -9 -8 ------- Run | Yrd Mat Min Exi Min Mat Active Infowar (turns) 1330 | 6 284 26 417 300 297 Terrain 264 | 6 23 . . . 235 Seismic 486 | . 261 26 199 . . T.N.C. 815 | . . . 218 300 297 Robot Analysis Total . | . . . . . . Derelict Logs Recovered 1 | . . . . 1 . Drone Launches . | . . . . . . Drone Recoveries . | . . . . . . Exploration | -11 -10 -10 -10 -9 -8 ------------- Run | Yrd Mat Min Exi Min Mat Turns Passed 1455 | 131 284 26 417 300 297 Spaces Moved 808 | 60 135 17 255 188 153 Core 2 | 2 . . . . . Treads 806 | 58 135 17 255 188 153 Legs . | . . . . . . Wheels . | . . . . . . Hover . | . . . . . . Flight . | . . . . . . Fastest Speed 50 | 50 160 160 160 160 160 Average Speed 159 | 156 160 160 160 160 160 Slowest Speed 160 | 160 160 160 160 160 160 Overloaded Moves . | . . . . . . Propulsion Burnouts . | . . . . . . Robots Hopped . | . . . . . . Potential Cave-ins . | . . . . . . Cave-ins Triggered . | . . . . . . Exploration Rate (%) 25 | 4 25 6 60 38 19 Regions Visited 5 Branch Regions 3 Pre-discovered Areas 1 | . . . 1 . . Known Exits Taken . | . . . . . . Unknown Exits Taken 5 | 1 1 1 1 1 . Scrap Searched 1 | . . . . 1 . Spaces Dug . | . . . . . . Terrain Destroyed 36 | . . . . . 36 Melee . | . . . . . . Projectile . | . . . . . . AOE 36 | . . . . . 36 Terrain Rammed . | . . . . . . Walls Destroyed . | . . . . . . Machines Disabled . | . . . . . . Actions | -11 -10 -10 -10 -9 -8 --------- Run | Yrd Mat Min Exi Min Mat Total 909 | 76 183 16 264 187 183 Wait 29 | . 29 . . . . Move 803 | 59 134 16 254 187 153 Hop . | . . . . . . Pick Up 3 | . 2 . . . 1 Fast Attach 18 | 7 2 . 5 . 4 Attach 1 | . . . . . 1 Detach 1 | . 1 . . . . Swap 7 | . 2 . . . 5 Drop 11 | . 2 . 5 . 4 Fire 36 | 10 11 . . . 15 Melee . | . . . . . . Ram . | . . . . . . Kick . | . . . . . . Crush . | . . . . . . Escape Stasis . | . . . . . . Rewire . | . . . . . . Trap . | . . . . . . Miscellaneous . | . . . . . . Route ------- -11/Scrapyard -10/Materials -10/Mines -10/Exiles -9/Mines -8/Materials History --------- Turn | Location | Event 6 | -11/Scrapyard | Discovered new exit (range 15) 132 | -11/Scrapyard | Entered Materials 300 | -10/Materials | Build established: Mutant 380 | -10/Materials | Discovered new exit (range 16) 416 | -10/Materials | Entered Mines 434 | -10/Mines | Deemed a non-threat by the Exiles lab entrance 434 | -10/Mines | Discovered new exit (range 5) 442 | -10/Mines | Entered Exiles 482 | -10/Exiles | Met 8R-AWN 510 | -10/Exiles | Met EX-HEX 554 | -10/Exiles | Met EX-BIN 574 | -10/Exiles | Aligned with FarCom system 575 | -10/Exiles | Given EX-Vault access code 612 | -10/Exiles | Opened EX-Vault 619 | -10/Exiles | Found Prototype Special Weapon 619 | -10/Exiles | Identified Field Lobotomy Kit 628 | -10/Exiles | Found Prototype Energy Cannon 628 | -10/Exiles | Identified Gui. Plasma Cannon 641 | -10/Exiles | Found Prototype Processor 641 | -10/Exiles | Identified Modified TNC 675 | -10/Exiles | Warned to stay clear of 0b10 Research branches 731 | -10/Exiles | Learned location of Zion (-6) 836 | -10/Exiles | Discovered new exit (range 15) 859 | -10/Exiles | Left Exiles lab with Modified TNC 859 | -10/Exiles | Entered Mines 1027 | -9/Mines | Discovered new exit (range 8) 1050 | -9/Mines | Learned Materials interactive machine intel 1106 | -9/Mines | Assisted by bots powering up and referring to "LRC-V3" 1159 | -9/Mines | Entered Materials 1159 | -8/Materials | Accompanied by 3 allies 1159 | -8/Materials | Evolved 4 slots: Propulsion x2, Utility x2 1160 | -8/Materials | Loaded intel: 19 interactive machine locations 1456 | -8/Materials | Self-destructed Last Messages --------------- 01385_ Connecting with Terminal... 01385_ ALERT: Suspicious activity at Terminal M006. Dispatching Investigation squad. 01416_ U-05 Engineer lays Concrete. 01419_ Trooper 2b destroyed. 01419_ ALERT: Construction progress impeded, dispatching reinforcements to local area. 01421_ G-47 Trooper destroyed. 01432_ Mercenary 2a suffers critical hit (Burn). 01432_ Mercenary 2a destroyed. 01433_ R-06 Scavenger collects Heat Sink. 01434_ G-47 Trooper destroyed. 01437_ R-06 Scavenger collects Aluminum Leg. 01438_ G-47 Trooper destroyed. 01443_ R-06 Scavenger collects Aluminum Leg. 01446_ Nuclear Reactor explodes. 01446_ Recycling Unit disabled. 01446_ Welding Torch tumbles out of recycling unit. 01450_ The unstable cave ceiling collapses. Map ----- +----------------------------------------------------+ | ??????#?#????????# # """"" #?????????????????? | | #####??####??#???# # """"" ##????????????????? | | #??# !##???### T + """"" =#?????????????????? | | ] #### !#????## # #??#??????????????? | | # !#????### ############????????????????? | | """ # !##???#?# ## #????????????????? | | """ + !###????# ##/// #????????????????? | | """ # !##??????# ##/// #????????????????? | | ##### ############ ##// #????????????????? | | # ! # #????????????????? | | a # ! #????????????????? | | # "T" """"" + #????????????????? | | # a"""""% # #????????????????" | | # "" ###########????????????????" | | # # #?????????????????? | | # % # "" !!!#?????????????????? | | # "" # "Y !!!#??#??????????????? | | #### "" r ! !#?????????????????? | | ???# "" | #??#??????????????? | | ??+ #?##??????????????? | | ??# ]#?????????????????? | | ?## ###+##;; #?????????????????? | | ???# ? ;; ##???T?????a??????? | | ???# # ## # #??#??????????????? | | ??## ? ## # g g g???????? | | ???# # "T" ?# g@ ????????? | | ???# ######## % ????????? | | ???# # # ##### #####+##### ????????? | | ?????#""" # #??## ##??????????????????????? | | ?????#"R # #???#######???????????????????????? | | ?????#""" # #?????????????????????????????????? | | ?????# # #?????#????#?????"????????????????? | | ??????? # ####??????????????????????????????? | | ?????####+### #????#?????????????????????????? | | ?????# #??#???????????????????????????? | | ?????# " #??????????????????????????????? | | ?????# #??????????????????????????????? | | ?????######## a #??????????????????????????????? | | ????????????## ##??????????????????????????????? | | ?????????????? #??"""??????????????????????????? | | ?????????????? #??"R"??????????????????????????" | | ?????????????? #??"?"?????????????????????????"G | | ?????????????? #??????????????????????????????"? | | ?????????????? #???????????????????????????????? | | ?????????????? #???????????????????????????????? | | ?????????????? ???????????????????????????????? | | ??????????????? ???????????????????????????????? | | ???????????????T ??????????????????????????????? | | ?????????????????????????????????????????????????? | | ?????????????????????????????????????????????????? | +----------------------------------------------------+ Best States ------------- Heat Dissipation 31 Energy Generation 10 Energy Capacity 125 Matter Stores 300 Matter Capacity 300 Sight Range 16 Terrain Scan Range 16 Terrain Scan Density 10 Armor Coverage 150 Evasion (%) 40 Recoil Reduction 4 Item Schematics ----------------- None Robot Schematics ------------------ None Fabricated ------------ Nothing Repaired ---------- Nothing Studied --------- None Alien Tech Used ----------------- None Achievements -------------- Sixth Sense Challenges ------------ None Game ------ Seed AntigravSingularityLaser Manual? 0 Play Time 00:09:44 Cumulative 116.1 hours Start 2025.12.07 @ 17:19:31 End 2025.12.07 @ 18:00:50 Sessions 3 Manual Loads 0 Difficulty Rogue Special Mode None Game No. 89 Rogue 30 Adventurer 59 Explorer 0 Win Type - Total 4 Types 3/0/0/1/0/0/0/0/0/0 Lore% 60 Gallery% 66 Achievement% 49 Wizard Run 0 Options --------- Layout 1 ASCII 1 Keyboard 0 Movement Mouse Keybinds 0 Fullscreen 1 Font 24/Smallcaps Map View 50x35 Zoom Use 0% Tactical HUD 1 Map Filters NONE Filters NONE Steam 1 RUN: eaa154a7-770b-45e1-b4a5-8ff19b0a410f